| TOP OF THE 1ST |
|
Milwaukee (NYP) Brewers batting - Pitching for Rome Braves : RHP Mokichi Furuta
|
|
Pitching: RHP Mokichi Furuta
|
|
|
Batting: RHB Bobby McCann
|
0-0: Ball 1-0: Fly out, F9 (Line Drive, 9D, EV 95.6 MPH)
|
|
Batting: RHB Skyler Goss
|
0-0: Called Strike 0-1: Hit by Pitch
|
|
Batting: LHB Alfredo de la Cruz
|
0-0: Ball 1-0: Foul Ball, location: 2F 1-1: Ball 2-1: TRIPLE (Flyball, 78XD, EV 104.4 MPH) Skyler Goss scores
|
|
Batting: RHB Vinny Estrada
|
0-0: Ball 1-0: Foul Ball, location: 2F 1-1: Ball 2-1: Ball 3-1: Fly out, F9 (Flyball, 89M, EV 78.8 MPH) Runner from 3rd tags up, SCORES, no throw by RF
|
|
Batting: LHB Paul Collins
|
0-0: Ball 1-0: Fly out, F2 (Popup, 3SF, EV 80.6 MPH)
|
| Top of the 1st over - 2 runs, 1 hit, 0 errors, 0 left on base; Milwaukee (NYP) 2 - Rome 0 |
| BOTTOM OF THE 1ST |
|
Rome Braves batting - Pitching for Milwaukee (NYP) Brewers : RHP Antonio Ballesteros
|
|
Pitching: RHP Antonio Ballesteros
|
|
|
Batting: LHB J.P. Olson
|
0-0: Called Strike 0-1: Called Strike 0-2: Ball 1-2: Strikes out looking
|
|
Batting: RHB Brandon Burrell
|
0-0: Foul Ball, location: 2F 0-1: Ground out 5-3 (Groundball, 56, EV 88.8 MPH)
|
|
Batting: LHB Curt Nelson
|
0-0: Called Strike 0-1: Called Strike 0-2: Ball 1-2: Foul Ball, location: 2F 1-2: Ball 2-2: Reached on error, E4 (Groundball, 13, EV 83.1 MPH)
|
|
Batting: RHB Ike Trout
|
0-0: Ball 1-0: Ball Curt Nelson steals 2nd base 2-0: Swinging Strike 2-1: Ground out 6-3 (Groundball, 6, EV 80.0 MPH)
|
| Bottom of the 1st over - 0 runs, 0 hits, 1 error, 1 left on base; Milwaukee (NYP) 2 - Rome 0 |
| TOP OF THE 2ND |
|
Milwaukee (NYP) Brewers batting - Pitching for Rome Braves : RHP Mokichi Furuta
|
|
Batting: RHB Brian Landrum
|
0-0: Ground out 1-3 (Groundball, 13, EV 61.9 MPH)
|
|
Batting: SHB Robert Sayer
|
0-0: Called Strike 0-1: Foul Ball, location: 2F 0-2: Ground out 1-3 (Groundball, 13S, EV 61.3 MPH)
|
|
Batting: RHB Dustin Hartman
|
0-0: Fly out, F3 (Popup, 3S, EV 68.8 MPH)
|
| Top of the 2nd over - 0 runs, 0 hits, 0 errors, 0 left on base; Milwaukee (NYP) 2 - Rome 0 |
| BOTTOM OF THE 2ND |
|
Rome Braves batting - Pitching for Milwaukee (NYP) Brewers : RHP Antonio Ballesteros
|
|
Batting: LHB Mike Tenorio
|
0-0: Ball 1-0: Ball 2-0: Ground out 4-3 (Groundball, 4, EV 88.1 MPH)
|
|
Batting: RHB Badr al Din Ridha
|
0-0: Ball 1-0: Foul Ball, location: 2F 1-1: Foul Ball, location: 2F 1-2: Ball 2-2: Strikes out swinging
|
|
Batting: LHB Joe Phillips
|
0-0: Called Strike 0-1: Foul Ball, location: 2F 0-2: Foul Ball, location: 2F 0-2: Foul Ball, location: 2F 0-2: Foul Ball, location: 2F 0-2: Fly out, F8 (Flyball, 8RD, EV 95.0 MPH)
|
| Bottom of the 2nd over - 0 runs, 0 hits, 0 errors, 0 left on base; Milwaukee (NYP) 2 - Rome 0 |
| TOP OF THE 3RD |
|
Milwaukee (NYP) Brewers batting - Pitching for Rome Braves : RHP Mokichi Furuta
|
|
Batting: RHB Tom Campos
|
0-0: Swinging Strike 0-1: Ball 1-1: Swinging Strike 1-2: Ball 2-2: Strikes out looking
|
|
Batting: RHB Bobby McCann
|
0-0: Ball 1-0: Called Strike 1-1: Ball 2-1: Ground out 5-3 (Groundball, 5, EV 93.1 MPH)
|
|
Batting: RHB Skyler Goss
|
0-0: Foul Ball, location: 2F 0-1: Ball 1-1: SINGLE (Groundball, 34D, EV 104.4 MPH)
|
|
Batting: LHB Alfredo de la Cruz
|
0-0: SINGLE (Line Drive, 9LS, EV 108.8 MPH) Skyler Goss to second
|
|
Batting: RHB Vinny Estrada
|
0-0: Ball 1-0: Ball 2-0: Foul Ball, location: 2F 2-1: Ball 3-1: Called Strike 3-2: DOUBLE (Line Drive, 9LM, EV 107.5 MPH) Skyler Goss scores Alfredo de la Cruz to third Alfredo de la Cruz scores
|
|
Batting: LHB Paul Collins
|
0-0: Ball 1-0: Foul Ball, location: 2F 1-1: Foul Ball, location: 2F 1-2: Ball 2-2: Strikes out swinging
|
| Top of the 3rd over - 2 runs, 3 hits, 0 errors, 1 left on base; Milwaukee (NYP) 4 - Rome 0 |
| BOTTOM OF THE 3RD |
|
Rome Braves batting - Pitching for Milwaukee (NYP) Brewers : RHP Antonio Ballesteros
|
|
Batting: RHB Peter Wheeler
|
0-0: Ball 1-0: Ball 2-0: Foul Ball, location: 2F 2-1: Ball 3-1: Base on Balls
|
|
Batting: RHB Adrian Billups
|
0-0: Ball 1-0: Fielders Choice at 2nd, 6-4 (Groundball, 6, EV 83.8 MPH)
|
|
Batting: LHB J.P. Olson
|
0-0: Ball 1-0: Foul Ball, location: 2F 1-1: Fielders Choice at 2nd, 4-6 (Groundball, 34, EV 84.4 MPH)
|
|
Batting: RHB Brandon Burrell
|
0-0: Called Strike 0-1: Ball J.P. Olson is caught stealing 2nd base 2-4
|
| Bottom of the 3rd over - 0 runs, 0 hits, 0 errors, 0 left on base; Milwaukee (NYP) 4 - Rome 0 |
| TOP OF THE 4TH |
|
Milwaukee (NYP) Brewers batting - Pitching for Rome Braves : RHP Mokichi Furuta
|
|
Batting: RHB Brian Landrum
|
0-0: Ball 1-0: Foul Ball, location: 2F 1-1: Foul Ball, location: 2F 1-2: Strikes out swinging
|
|
Batting: SHB Robert Sayer
|
0-0: Foul Ball, location: 2F 0-1: Ground out 5-3 (Groundball, 56, EV 83.1 MPH)
|
|
Batting: RHB Dustin Hartman
|
0-0: Ball 1-0: Ball 2-0: Ball 3-0: Called Strike 3-1: Base on Balls
|
|
Batting: RHB Tom Campos
|
0-0: Swinging Strike 0-1: Foul Ball, location: 2F 0-2: Foul Ball, location: 2F 0-2: Strikes out swinging
|
| Top of the 4th over - 0 runs, 0 hits, 0 errors, 1 left on base; Milwaukee (NYP) 4 - Rome 0 |
| BOTTOM OF THE 4TH |
|
Rome Braves batting - Pitching for Milwaukee (NYP) Brewers : RHP Antonio Ballesteros
|
|
Batting: RHB Brandon Burrell
|
0-0: Called Strike 0-1: Ball 1-1: SINGLE (Line Drive, 56D, EV 109.4 MPH)
|
|
Batting: LHB Curt Nelson
|
0-0: Ball 1-0: Swinging Strike 1-1: Ball 2-1: Ball 3-1: Foul Ball, location: 2F 3-2: Base on Balls Brandon Burrell to second
|
|
Batting: RHB Ike Trout
|
0-0: Called Strike 0-1: Fly out, F9 (Line Drive, 9, EV 100.6 MPH)
|
|
Batting: LHB Mike Tenorio
|
0-0: Foul Ball, location: 2F 0-1: Fly out, F9 (Flyball, 89D, EV 93.1 MPH) Runner from 2nd tags up, SAFE at 3rd, no throw by RF
|
|
Batting: RHB Badr al Din Ridha
|
0-0: Ground out 4-3 (Groundball, 4, EV 86.3 MPH)
|
| Bottom of the 4th over - 0 runs, 1 hit, 0 errors, 2 left on base; Milwaukee (NYP) 4 - Rome 0 |
| TOP OF THE 5TH |
|
Milwaukee (NYP) Brewers batting - Pitching for Rome Braves : RHP Mokichi Furuta
|
|
Batting: RHB Bobby McCann
|
0-0: Foul Ball, location: 2F 0-1: Ball 1-1: Ball 2-1: Ball 3-1: Base on Balls
|
|
Batting: RHB Skyler Goss
|
0-0: Ball 1-0: Called Strike Bobby McCann steals 2nd base 1-1: Ball 2-1: Swinging Strike 2-2: Ground out 4-3 (Groundball, 4, EV 83.8 MPH) Bobby McCann to third
|
|
Batting: LHB Alfredo de la Cruz
|
0-0: Ball 1-0: Called Strike 1-1: Foul Ball, location: 2F 1-2: Foul Ball, location: 2F 1-2: Ball 2-2: Foul Ball, location: 2F 2-2: Strikes out swinging
|
|
Batting: RHB Vinny Estrada
|
0-0: Called Strike 0-1: Fly out, F6 (Popup, 6S, EV 88.8 MPH)
|
| Top of the 5th over - 0 runs, 0 hits, 0 errors, 1 left on base; Milwaukee (NYP) 4 - Rome 0 |
| BOTTOM OF THE 5TH |
|
Rome Braves batting - Pitching for Milwaukee (NYP) Brewers : RHP Antonio Ballesteros
|
|
Batting: LHB Joe Phillips
|
0-0: Swinging Strike 0-1: Ball 1-1: Ball 2-1: Foul Ball, location: 2F 2-2: Foul Ball, location: 2F 2-2: Foul Ball, location: 2F 2-2: Ground out 4-3 (Groundball, 34D, EV 78.1 MPH)
|
|
Batting: RHB Peter Wheeler
|
0-0: Called Strike 0-1: Swinging Strike 0-2: Ball 1-2: Strikes out swinging
|
|
Batting: RHB Adrian Billups
|
0-0: SINGLE (Groundball, 6MD, EV 97.5 MPH)
|
|
Batting: LHB J.P. Olson
|
0-0: Ball 1-0: Swinging Strike Balk! Adrian Billups to second 1-1: Ball 2-1: Ball 3-1: Foul Ball, location: 2F 3-2: DOUBLE (Groundball, 5L, EV 100.0 MPH) Adrian Billups scores
|
|
Batting: RHB Brandon Burrell
|
0-0: Ball 1-0: Foul Ball, location: 2F 1-1: Fly out, F4 (Line Drive, 4, EV 65.6 MPH)
|
| Bottom of the 5th over - 1 run, 2 hits, 0 errors, 1 left on base; Milwaukee (NYP) 4 - Rome 1 |
| TOP OF THE 6TH |
|
Milwaukee (NYP) Brewers batting - Pitching for Rome Braves : RHP Mokichi Furuta
|
|
Batting: LHB Paul Collins
|
0-0: Called Strike 0-1: Ball 1-1: SINGLE (Groundball, 6D, EV 108.1 MPH)
|
|
Batting: RHB Brian Landrum
|
0-0: Ball 1-0: Foul Ball, location: 2F 1-1: Called Strike 1-2: Foul Ball, location: 2F 1-2: Strikes out swinging
|
|
Batting: SHB Robert Sayer
|
0-0: Ball Wild Pitch! Paul Collins to second 1-0: Called Strike 1-1: SINGLE (Groundball, 4D, EV 106.9 MPH) Paul Collins to third
|
|
Batting: RHB Dustin Hartman
|
0-0: Called Strike 0-1: Ball 1-1: Called Strike 1-2: Foul Ball, location: 2F 1-2: Ball 2-2: Ball 3-2: Base on Balls Robert Sayer to second
|
|
Batting: RHB Tom Campos
|
0-0: Ball 1-0: Foul Ball, location: 2F 1-1: DOUBLE (Flyball, 78D, EV 105.0 MPH) Paul Collins scores Robert Sayer scores Dustin Hartman to third
|
|
Pitching: RHP Jose Medina
|
|
|
Batting: RHB Bobby McCann
|
0-0: Called Strike 0-1: Ball Wild Pitch! Dustin Hartman scores Tom Campos to third 1-1: Ball Wild Pitch! Tom Campos scores 2-1: Ball 3-1: Base on Balls
|
|
Batting: RHB Skyler Goss
|
0-0: Ball 1-0: Called Strike Bobby McCann steals 2nd base (no throw) 1-1: Ball 2-1: 2-RUN HOME RUN (Flyball, 7D, EV 96.9 MPH), Distance : 370 ft
|
|
Batting: LHB Alfredo de la Cruz
|
0-0: Called Strike 0-1: Reached on error, E3 (Groundball, 13, EV 77.5 MPH)
|
|
Batting: RHB Vinny Estrada
|
0-0: Ball Wild Pitch! Alfredo de la Cruz to second 1-0: Foul Ball, location: 2F 1-1: Ball Wild Pitch! Alfredo de la Cruz to third 2-1: SINGLE (Flyball, 56D, EV 89.4 MPH) Alfredo de la Cruz scores
|
|
Batting: LHB Paul Collins
|
0-0: Ball 1-0: Ball 2-0: SINGLE (Groundball, 4M, EV 105.0 MPH) (infield hit) Vinny Estrada to second
|
|
Batting: RHB Brian Landrum
|
0-0: Called Strike 0-1: Foul Ball, location: 2F 0-2: SINGLE (Flyball, 8RS, EV 91.3 MPH) Vinny Estrada to third Paul Collins to second Runner from 3rd tries for Home, SAFE, throw by CF to home
|
|
Pitching: RHP Marvin Rosas
|
|
|
Batting: SHB Robert Sayer
|
0-0: Swinging Strike 0-1: Foul Ball, location: 2F 0-2: Foul Ball, location: 2F 0-2: Strikes out swinging
|
|
Batting: RHB Dustin Hartman
|
0-0: Called Strike 0-1: Ball 1-1: Fielders Choice at 2nd, 6-4 (Groundball, 6, EV 115.6 MPH)
|
| Top of the 6th over - 8 runs, 7 hits, 1 error, 2 left on base; Milwaukee (NYP) 12 - Rome 1 |
| BOTTOM OF THE 6TH |
|
Rome Braves batting - Pitching for Milwaukee (NYP) Brewers : RHP Antonio Ballesteros
|
|
Batting: LHB Curt Nelson
|
0-0: SINGLE (Line Drive, 9S, EV 94.4 MPH)
|
|
Batting: RHB Ike Trout
|
0-0: Ball 1-0: Swinging Strike 1-1: Foul Ball, location: 2F 1-2: Ball Wild Pitch! Curt Nelson to second 2-2: Foul Ball, location: 2F 2-2: Ball 3-2: Strikes out looking
|
|
Batting: LHB Mike Tenorio
|
0-0: Ball 1-0: Ground out 6-3 (Groundball, 6, EV 104.4 MPH)
|
|
Batting: RHB Badr al Din Ridha
|
0-0: Ball 1-0: Ground out 4-3 (Groundball, 4, EV 88.1 MPH)
|
| Bottom of the 6th over - 0 runs, 1 hit, 0 errors, 1 left on base; Milwaukee (NYP) 12 - Rome 1 |
| TOP OF THE 7TH |
|
Milwaukee (NYP) Brewers batting - Pitching for Rome Braves : RHP Marvin Rosas
|
|
Batting: RHB Tom Campos
|
0-0: Called Strike 0-1: Swinging Strike 0-2: SINGLE (Groundball, 56D, EV 97.5 MPH)
|
|
Batting: RHB Bobby McCann
|
0-0: Called Strike 0-1: Ball 1-1: Ball 2-1: Foul Ball, location: 2F 2-2: Foul Ball, location: 2F 2-2: TRIPLE (Line Drive, 89XD, EV 109.4 MPH) Tom Campos scores
|
|
Batting: RHB Skyler Goss
|
0-0: Ball 1-0: Ball 2-0: Called Strike 2-1: Ball 3-1: Foul Ball, location: 2F 3-2: Foul Ball, location: 2F 3-2: Strikes out looking
|
|
Batting: LHB Alfredo de la Cruz
|
0-0: Ball 1-0: Ball 2-0: Ball 3-0: Called Strike 3-1: Base on Balls
|
|
Batting: RHB Vinny Estrada
|
0-0: Ball 1-0: DOUBLE (Line Drive, 9LS, EV 112.5 MPH) Bobby McCann scores Alfredo de la Cruz to third
|
|
Batting: LHB Paul Collins
|
0-0: Ball Wild Pitch! Alfredo de la Cruz scores Vinny Estrada to third 1-0: Ball 2-0: DOUBLE (Line Drive, 89M, EV 112.5 MPH) Vinny Estrada scores
|
|
Pitching: RHP Jeremy Hurley
|
|
|
Pinch Hitting: LHB Aaron Mobley
|
0-0: Called Strike 0-1: Foul Ball, location: 2F 0-2: Ball 1-2: Ball 2-2: Ball 3-2: Base on Balls
|
|
Batting: SHB Robert Sayer
|
0-0: Foul Ball, location: 2F 0-1: Ball 1-1: Foul Ball, location: 2F 1-2: Strikes out swinging
|
|
Pinch Hitting: RHB Brad Wren
|
0-0: Ball 1-0: Called Strike 1-1: Foul Ball, location: 2F 1-2: Ball 2-2: Ball 3-2: Base on Balls Paul Collins to third Aaron Mobley to second
|
|
Batting: RHB Tom Campos
|
0-0: Called Strike 0-1: Swinging Strike 0-2: Ball 1-2: Ball 2-2: Ball 3-2: Foul Ball, location: 2F 3-2: Foul Ball, location: 2F 3-2: Foul Ball, location: 2F 3-2: Strikes out swinging
|
| Top of the 7th over - 4 runs, 4 hits, 0 errors, 3 left on base; Milwaukee (NYP) 16 - Rome 1 |
| BOTTOM OF THE 7TH |
|
Rome Braves batting - Pitching for Milwaukee (NYP) Brewers : RHP Antonio Ballesteros
|
|
Now at 2B: Robert Sayer
|
|
|
Now at 3B: Brad Wren
|
|
|
Now at SS: Aaron Mobley
|
|
|
Batting: LHB Joe Phillips
|
0-0: Ball 1-0: Ground out 6-3 (Groundball, 56, EV 100.6 MPH)
|
|
Batting: RHB Peter Wheeler
|
0-0: Foul Ball, location: 2F 0-1: Called Strike 0-2: Strikes out looking
|
|
Batting: RHB Adrian Billups
|
0-0: Ball 1-0: Ball 2-0: Foul Ball, location: 2F 2-1: Ground out 6-3 (Groundball, 56, EV 83.1 MPH)
|
| Bottom of the 7th over - 0 runs, 0 hits, 0 errors, 0 left on base; Milwaukee (NYP) 16 - Rome 1 |
| TOP OF THE 8TH |
|
Milwaukee (NYP) Brewers batting - Pitching for Rome Braves : RHP Jeremy Hurley
|
|
Batting: RHB Bobby McCann
|
0-0: Ball 1-0: Ball 2-0: Foul Ball, location: 2F 2-1: Foul Ball, location: 2F 2-2: Ground out 6-3 (Groundball, 6, EV 80.0 MPH)
|
|
Batting: RHB Skyler Goss
|
0-0: Called Strike 0-1: Ground out 5-3 (Groundball, 5, EV 90.6 MPH)
|
|
Batting: LHB Alfredo de la Cruz
|
0-0: Called Strike 0-1: Foul Ball, location: 2F 0-2: Ball 1-2: Ground out 3-1 (Groundball, 34, EV 84.4 MPH)
|
| Top of the 8th over - 0 runs, 0 hits, 0 errors, 0 left on base; Milwaukee (NYP) 16 - Rome 1 |
| BOTTOM OF THE 8TH |
|
Rome Braves batting - Pitching for Milwaukee (NYP) Brewers : RHP Antonio Ballesteros
|
|
Batting: LHB J.P. Olson
|
0-0: Called Strike 0-1: Fly out, F4 (Line Drive, 4, EV 66.9 MPH)
|
|
Batting: RHB Brandon Burrell
|
0-0: Ball 1-0: Foul Ball, location: 2F 1-1: Foul Ball, location: 2F 1-2: Strikes out looking
|
|
Batting: LHB Curt Nelson
|
0-0: Called Strike 0-1: Ball 1-1: SOLO HOME RUN (Flyball, 9LD, EV 96.9 MPH), Distance : 377 ft
|
|
Batting: RHB Ike Trout
|
0-0: Ball 1-0: Called Strike 1-1: Fly out, F9 (Flyball, 89XD, EV 93.1 MPH)
|
| Bottom of the 8th over - 1 run, 1 hit, 0 errors, 0 left on base; Milwaukee (NYP) 16 - Rome 2 |
| TOP OF THE 9TH |
|
Milwaukee (NYP) Brewers batting - Pitching for Rome Braves : RHP Jeremy Hurley
|
|
Batting: RHB Vinny Estrada
|
0-0: Foul Ball, location: 2F 0-1: Called Strike 0-2: Ground out 1-3 (Groundball, P, EV 69.4 MPH)
|
|
Batting: LHB Paul Collins
|
0-0: Swinging Strike 0-1: Ball 1-1: Ball 2-1: Foul Ball, location: 2F 2-2: Strikes out swinging
|
|
Batting: LHB Aaron Mobley
|
0-0: Ball 1-0: Ball 2-0: Ball 3-0: Base on Balls
|
|
Batting: SHB Robert Sayer
|
0-0: Ball 1-0: Foul Ball, location: 2F 1-1: Called Strike 1-2: Foul Ball, location: 2F 1-2: Foul Ball, location: 2F 1-2: Strikes out swinging
|
| Top of the 9th over - 0 runs, 0 hits, 0 errors, 1 left on base; Milwaukee (NYP) 16 - Rome 2 |
| BOTTOM OF THE 9TH |
|
Rome Braves batting - Pitching for Milwaukee (NYP) Brewers : RHP Antonio Ballesteros
|
|
Pitching: RHP Javy Uribe
|
|
|
Batting: LHB Mike Tenorio
|
0-0: Foul Ball, location: 2F 0-1: Called Strike 0-2: Strikes out swinging
|
|
Batting: RHB Badr al Din Ridha
|
0-0: Foul Ball, location: 2F 0-1: Ball 1-1: Swinging Strike 1-2: Foul Ball, location: 2F 1-2: Strikes out looking
|
|
Batting: LHB Joe Phillips
|
0-0: Foul Ball, location: 2F 0-1: Ball 1-1: Ground out 4-3 (Groundball, 4, EV 84.4 MPH)
|
| Bottom of the 9th over - 0 runs, 0 hits, 0 errors, 0 left on base; Milwaukee (NYP) 16 - Rome 2 |
|